 Dungeon Sprint DCSS version 0.28.0-45-g0d030f2227 (webtiles) character file.

Game seed: 8557302275392624616

2660 boopmooplesden the Fighter (level 9, -1/96 HPs)
             Began as a Minotaur Berserker on Apr 4, 2022.
             Was a High Priest of Trog.
             Slain by an unseen horror (3 damage)
             ... in the Dungeon (Sprint III: "The Ten Rune Challenge").
             The game lasted 00:03:25 (2061 turns).

boopmooplesden the Fighter (Minotaur Berserker)     Turns: 2061, Time: 00:03:26

Health: -1/96      AC:  5    Str: 23    XL:     9   Next: 36%
Magic:  8/8        EV: 15    Int:  4    God:    Trog [*****.]
Gold:   27         SH:  0    Dex: 13    Spells: 8/8 levels left

rFire   . . .      SeeInvis .   y - +0 scimitar (flame)
rCold   . . .      Faith    .   (no shield)
rNeg    . . .      Spirit   .   j - +0 leather armour
rPois   .          Reflect  .   (helmet restricted)
rElec   .          Harm     .   l - +0 cloak
rCorr   .          Rampage  .   (no gloves)
Will    .....      NoTele   +   (no boots)
Stlth   +.........              (no amulet)
HPRegen 0.26/turn               (no ring)
MPRegen 0.11/turn               (no ring)

@: no status effects
A: horns 2, retaliatory headbutt
a: Renounce Religion, Berserk, Trog's Hand, Brothers in Arms


You were in the Dungeon.
You worshipped Trog.
Trog was extremely pleased with you.
You visited 1 branch You collected 27 gold pieces.

Inventory:

Hand Weapons
 a - a +0 falchion
 i - a +2 whip of distortion
 k - a +2 quarterstaff of chaos
 v - a +0 mace
 w - a +0 long sword of holy wrath
 y - a +0 scimitar of flaming (weapon)
Armour
 b - a +0 animal skin
 j - a +0 leather armour (worn)
 l - a +0 cloak (worn)
Scrolls
 h - a scroll of blinking
 n - 3 scrolls of immolation {unknown}
 o - a scroll of identify {unknown}
 r - a scroll of torment {unknown}
 s - a scroll of magic mapping {unknown}
Potions
 c - 3 potions of curing
 d - a potion of heal wounds
 e - a potion of haste
 f - 2 potions of magic
 g - a potion of berserk rage
 m - 3 potions of mutation {unknown}
 p - a potion of attraction {unknown}
 q - a potion of flight {unknown}
 t - a potion of ambrosia {unknown}
 u - a potion of might
Miscellaneous
 x - a piece from Xom's chessboard (15/15)


   Skills:
 + Level 14.4 Fighting
 + Level 13.5 Long Blades
 + Level 12.2 Maces & Flails
 + Level 8.3 Armour
 + Level 8.8 Dodging
 + Level 1.4 Stealth
 + Level 1.1 Evocations


You had 8 spell levels left.
You didn't know any spells.
Your spell library was empty.

Dungeon Overview and Level Annotations

Branches:
Dungeon (1/1)

Altars:
Cheibriados
Dithmenos
Elyvilon
Fedhas
Gozag
Hepliaklqana
Kikubaaqudgha
Makhleb
Nemelex Xobeh
Okawaru
Qazlal
Ru
Sif Muna
Trog
Uskayaw
Vehumet
Wu Jian
Xom
Yredelemnul
Zin
The Shining One
Beogh
Jiyva
Lugonu


Innate Abilities, Weirdness & Mutations

You have a pair of horns on your head.
You reflexively headbutt those who attack you in melee.


Message History

Your Fighting skill increases to level 14!
Your Maces & Flails skill increases to level 12!
Your Armour skill increases to level 8!
Your Stealth skill increases to level 1!
Your Evocations skill increases to level 1!
You slash the centaur! You burn the centaur. Your headbutt misses the centaur.
The centaur is almost dead.
The centaur hits you but does no damage.
The centaur closely misses you.
You slash the centaur! You burn the centaur.
You kill the centaur!
Trog accepts your kill.
Things that are here:
a +0 shortbow; 20 arrows; a centaur corpse You open the door.
There is an open door here.
Something hits you but does no damage.
Deactivating autopickup; reactivate with Ctrl-A.
Something hits you! x3
You hit something. You burn something. Something hits you. Something hits you!
Something hits you but does no damage. Something hits you!
There is an open door here.
You slash something! You burn something. Something hits you. x2
You barely miss something. Your headbutt misses something. Something hits you.
You swing at nothing.
Something hits you but does no damage.
You barely miss something. Your headbutt misses something. Something hits you.
* * * LOW HITPOINT WARNING * * *
You swing at nothing.
Something hits you!
* * * LOW HITPOINT WARNING * * *
You hit something. You burn something. Something hits you!
* * * LOW HITPOINT WARNING * * *
You swing at nothing.
You swing at nothing.
Something hits you but does no damage.
You hit something. You burn something. Your headbutt misses something.
Something hits you.
* * * LOW HITPOINT WARNING * * *
You barely miss something. Something hits you.
You die...

### __# ._# '## ..# ..#
#'#
..#+#####################
..#.§≈§§'.#.'...@{#{#.#.+
..#.#§§§#.#.#.).##.#.#.##
..'.#.§§#.#.#)).#.#.#.#.#
..#.#§.§#...#...##.#.#.##
▓▓▓▓▓▓▓▓▓▓▓▓▓▓▓▓#.#.#.#.#
##.#.#.## +.#.#.#.#
##.#.#.## #+####


There were no monsters in sight!

Vanquished Creatures
  A centaur warrior (D)
  Erica (D)
  A deep elf pyromancer (D)
  A shadow (D)
  A spatial vortex (D)
  A necrophage (D)
  2 centaurs (D)
  An earth elemental (D)
  A water elemental (D)
  A jelly (D)
  Crazy Yiuf (D)
  A wizard (D)
  3 humans (D)
  A kobold demonologist (D)
  An endoplasm (D)
  2 rats (D)
20 creatures vanquished.

Vanquished Creatures (others)
  A plant (D)
1 creature vanquished.

Grand Total: 21 creatures vanquished

Notes
Turn   | Place    | Note
-------+----------+-------------------------------------------
     0 | D        | boopmooplesden the Minotaur Berserker began the quest for
                  | the Orb.
     0 | D        | Reached XP level 1. HP: 19/19 MP: 0/0
    15 | D        | Reached skill level 4 in Fighting
   151 | D        | Reached ** piety under Trog
   157 | D        | Noticed Crazy Yiuf
   166 | D        | Reached skill level 5 in Fighting
   166 | D        | Reached skill level 5 in Long Blades
   166 | D        | Reached XP level 2. HP: 29/29 MP: 1/1
   167 | D        | Killed Crazy Yiuf
   168 | D        | Reached skill level 6 in Fighting
   168 | D        | Reached skill level 1 in Maces & Flails
   168 | D        | Reached XP level 3. HP: 38/38 MP: 2/2
   279 | D        | Noticed a water elemental
   281 | D        | Killed a water elemental
   282 | D        | Reached skill level 7 in Fighting
   282 | D        | Reached XP level 4. HP: 47/47 MP: 3/3
   390 | D        | Found a basalt altar of Yredelemnul.
   390 | D        | Found a shadowy altar of Dithmenos.
   390 | D        | Found a sacrificial altar of Ru.
   390 | D        | Noticed a necrophage
   396 | D        | Killed a necrophage
   397 | D        | Reached skill level 8 in Fighting
   397 | D        | Reached XP level 5. HP: 56/56 MP: 4/4
   519 | D        | Found a hide-covered altar of Uskayaw.
   519 | D        | Found an iron altar of Okawaru.
   520 | D        | Found a bloodstained altar of Trog.
   520 | D        | Found an ornate altar of the Wu Jian Council.
   520 | D        | Noticed a human
   520 | D        | Noticed a human
   525 | D        | Killed a human
   525 | D        | Reached *** piety under Trog
   526 | D        | Reached skill level 10 in Fighting
   526 | D        | Reached skill level 10 in Long Blades
   526 | D        | Reached skill level 5 in Armour
   526 | D        | Reached skill level 5 in Dodging
   526 | D        | Reached XP level 6. HP: 61/66 MP: 5/5
   540 | D        | Killed a human
   721 | D        | Found a radiant altar of Vehumet.
   721 | D        | Found a shimmering blue altar of Sif Muna.
   721 | D        | Found an ancient bone altar of Kikubaaqudgha.
   724 | D        | Reached XP level 7. HP: 73/73 MP: 6/6
   729 | D        | Reached **** piety under Trog
   832 | D        | Found a glowing silver altar of Zin.
   833 | D        | Found a glowing golden altar of the Shining One.
   833 | D        | Found a white marble altar of Elyvilon.
   833 | D        | Noticed a deep elf pyromancer
   836 | D        | Noticed a fire elemental
   847 | D        | Killed a deep elf pyromancer
   848 | D        | Reached skill level 12 in Fighting
  1140 | D        | Noticed a shadow
  1143 | D        | Killed a shadow
  1144 | D        | Reached XP level 8. HP: 85/85 MP: 7/7
  1152 | D        | Found a blossoming altar of Fedhas.
  1152 | D        | Found a stormy altar of Qazlal.
  1152 | D        | Found a snail-covered altar of Cheibriados.
  1152 | D        | Found a burning altar of Makhleb.
  1152 | D        | Found a shimmering altar of Xom.
  1153 | D        | Found a hazy altar of Hepliaklqana.
  1153 | D        | Found an opulent altar of Gozag.
  1153 | D        | Found a sparkling altar of Nemelex Xobeh.
  1153 | D        | Found a corrupted altar of Lugonu.
  1153 | D        | Found a viscous altar of Jiyva.
  1475 | D        | Noticed Erica
  1483 | D        | Killed Erica
  1483 | D        | Reached ***** piety under Trog
  1484 | D        | Reached skill level 13 in Fighting
  1484 | D        | Reached skill level 10 in Maces & Flails
  2022 | D        | Noticed a centaur warrior
  2025 | D        | Reached XP level 9. HP: 94/94 MP: 8/8
  2028 | D        | Killed a centaur warrior
  2029 | D        | Reached skill level 14 in Fighting
  2029 | D        | Reached skill level 1 in Stealth
  2029 | D        | Reached skill level 1 in Evocations
  2060 | D        | HP: 1/96 [something (5)]
  2061 | D        | Slain by an unseen horror

Illustrated notes

Levels and vault maps discovered:
D:        dungeon_sprint_mu [sprint_mu_entry_cave, sprint_mu_temple_rooms,
          sprint_mu_d1_horrors, sprint_mu_d2_genie, sprint_mu_d3_branching,
          sprint_mu_orc_legion, sprint_mu_elf_gauntlet, sprint_mu_hive_nellie,
          sprint_mu_lair_fedhas, sprint_mu_vaults_butterflies,
          sprint_mu_slime_circle, sprint_mu_swamp_cave, sprint_mu_shoals_archi,
          sprint_mu_blade_basic, sprint_mu_crypt_lich, sprint_mu_tomb_spiral,
          sprint_mu_vestibule_basic, sprint_mu_gehenna_hellfire,
          sprint_mu_dis_giant, sprint_mu_tartarus_statrot,
          sprint_mu_cocytus_islands, sprint_mu_zot1]

Skill      XL: |  1  2  3  4  5  6  7  8  9 |
---------------+----------------------------+-----
Fighting       | 5 6 7 8 10 12 13 14 | 14.4
Long Blades    | 5 6 7 8 10 12 13 | 13.5
Armour         | 3 4 5 7 8 |  8.3
Maces & Flails | 1 3 4 6 7 9 11 12 | 12.2
Dodging        | 3 4 5 6 7 8 |  8.8
Stealth        | 1 |  1.4
Evocations     | 1 |  1.1

Action                   |  1- 3 |  4- 6 |  7- 9 || total
-------------------------+-------+-------+-------++-------
Melee: Whip              |    14 |    21 |    30 ||    65
       Falchion          |     3 |       |       ||     3
       Headbutt          |     1 |     1 |    12 ||    14
       Punch             |       |     1 |       ||     1
       Scimitar          |       |       |    19 ||    19
Invok: Berserk           |     2 |     3 |     4 ||     9
Evoke: Piece from Xom's  |       |       |     3 ||     3
 Stab: Sleeping          |     1 |       |       ||     1
Armor: Leather armour    |     1 |     3 |    16 ||    20
       Animal skin       |     1 |       |       ||     1
Dodge: Dodged            |     3 |    14 |    17 ||    34
